[Event "*** Titled Tuesday Blitz"]
[Site "Chess.com"]
[Date "2019.04.02"]
[Round "7"]
[White "gonzaga23"]
[Black "StoreySniper"]
[Result "1/2-1/2"]
[WhiteElo "2348"]
[BlackElo "2456"]
[TimeControl "180+2"]
[EndTime "15:35:54 PDT"]
[Termination "Game drawn by agreement"]

1. d4 c5 2. dxc5 e5 3. Nc3 Nf6 4. Nf3 Nc6 5. e3 Bxc5 6. Bb5 Qe7 7.
O-O a6 8. Be2 Qe6 9. e4 h6 10.
Nd5 Qd6 11. Nxf6+ Qxf6 12. Qd5 d6 13. Be3 Be6 14. Qd2 O-O 15. c3 Rad8 16. Bxc5 dxc5 17. Qe3 Qe7 18. Rfd1 b5 19. Rxd8 Rxd8 20. a4 c4 21. axb5 axb5 22. Qb6 Rd6 23. Qxb5 Bg4 24.
Qxc4 Bxf3 25. Bxf3 Qb7 26. b4 Rd2 27. Rd1 Rc2 28.
Qd3 Rb2 29. Qd7 Qb6 30. Qc8+ Kh7 31. Qf5+ Kg8 32. Bh5 g6 33. Bxg6 fxg6 34. Qxg6+ Kf8 35. Qxh6+ Ke8 36. Qe6+ Kf8 37. Qf5+ Ke8 38. h4 Ne7 39. Qh5+ Qg6 40. Qxg6+ Nxg6 41. g3 Nf8 42. Rd5 Nd7 43. h5 Rc2 44. h6 Nf6 45. Rxe5+ Kf7 46. Rf5 Kg6 47. Rc5 Nxe4 48. Rc6+ Kh7 49. b5 Nxf2 50.
b6 Ne4 51. b7 Rb2 52. Rc7+ Kxh6 53. c4 Nxg3 54. c5 Ne2+ 55. Kf1 Nd4 56. c6 Kg5 57. Rg7+ Kf6 58. Rc7 Rb1+ 59. Kf2 Rb2+ 60. Ke3 Nf5+ 61. Kd3 Nd6 62. Rc8 Nxb7 63. cxb7 Rxb7 64. Rc6+ Ke5 65. Rc5+ 1/2-1/2

[Event "*** Titled Tuesday Blitz"]
[Site "Chess.com"]
[Date "2019.04.02"]
[Round "7"]
[White "sergiochess83"]
[Black "IakovUlivar"]
[Result "1-0"]
[WhiteElo "2729"]
[BlackElo "2535"]
[TimeControl "180+2"]
[EndTime "15:35:58 PDT"]
[Termination "sergiochess83 won by resignation"]

1. Nf3 Nf6 2. c4 e6 3. Nc3 d5 4. d4 Be7 5. g3 O-O 6. Bg2 dxc4 7. Ne5 c5 8. dxc5 Qxd1+ 9. Nxd1 Bxc5 10. Nc3 Nbd7 11.
Nxc4 Nb6 12. Be3 Nfd7 13. Bxc5 Nxc5 14. Nd6 Rd8 15. O-O-O Kf8 16. Rd2 Rb8 17. Rhd1 Bd7 18. b3 Bc6 19. Bxc6 bxc6 20. e4 Nb7 21. Kc2 Nxd6 22.
Rxd6 Rxd6 23. Rxd6 Rc8 24. e5 Ke7 25. Ne4 Nd7 26. f4 f6 27. exf6+ Nxf6 28. Rd4 Nxe4 29. Rxe4 g6 30. Ra4 Rc7 31. Kd3 Kd6 32. Kd4 Rb7 33.
Kc4 h6 34. Ra5 Rg7 35. h4 Rf7 36. b4 Rg7 37. a4 Rb7 38. Ra6 Kd7 39. Kc5 Rc7 40.
g4 h5 41. g5 Rb7 42. Rxc6 Rxb4 43. Rd6+ Kc7 44. Rxe6 Rxf4 45. Rxg6 Rxh4 46. Rg7+ Kb8 47.
g6 Rg4 48. Kc6 Rc4+ 49. Kd6 Rg4 50. Ke6 h4 51. Kf5 Rxa4 52. Rh7 Ra5+ 53. Kf6 Ra6+ 54.
Kf7 Ra4 55. g7 Rf4+ 56. Ke6 Rg4 57. Rh8+ Kb7 58. g8=Q Rxg8 59. Rxg8 Kc6 60. Rh8 a5 61. Rxh4 Kc5 62. Ke5 Kb5 63. Kd4 a4 64. Kc3 1-0

[Event "*** Titled Tuesday Blitz"]
[Site "Chess.com"]
[Date "2019.04.02"]
[Round "7"]
[White "Chessmatus"]
[Black "Panchenko_Dmitry"]
[Result "0-1"]
[WhiteElo "2314"]
[BlackElo "2534"]
[TimeControl "180+2"]
[EndTime "15:35:59 PDT"]
[Termination "Panchenko_Dmitry won by resignation"]

1. d4 d5 2. Nf3 Nf6 3. c4 c6 4. Nc3 a6 5. Qc2 b5 6. b3 g6 7. g3 Bf5 8. Qd1 Ne4 9. Bb2 Qa5 10. Qc1 Bg7 11. Bg2 O-O 12. O-O Nxc3 13. Bxc3 b4 14. Bb2 Be4 15. Qd2 Nd7 16. Bh3 Bf5 17. g4 Be4 18. Ng5 Nf6 19. Nxe4 Nxe4 20. Qe3 e6 21. f3 Nd6 22. Qd3 dxc4 23. bxc4 c5 24.
e3 Rac8 25. Rfc1 Rfd8 26. a3 b3 27. Qxb3 Rb8 28. Qc2 Nxc4 29. Qxc4 Rxb2 30. Qc3 Qxc3 31. Rxc3 cxd4 32. Rd3 e5 33. Rad1 Rc8 34. exd4 exd4 35.
f4 Rcc2 36. Re1 Kf8 37. f5 Rxh2 38. Bf1 gxf5 39. gxf5 Rhf2 40. Rg3 Rxf5 41. Bxa6 h5 42. a4 h4 43. Rh3 Bf6 44. Bb5 Rg5+ 45. Kh1 Rg3 46.
Rh2 Rxh2+ 47. Kxh2 Ra3 48. Re4 Kg7 49. Kg2 Kg6 50. Re2 Kf5 51. Bd7+ Kg5 52. Bb5 Kf4 53. Rf2+ Ke5 54. Re2+ Kd5 55. Rf2 h3+ 56. Kh1 Ke5 57.
Re2+ Kd5 58. Rf2 Ke6 59. Re2+ Be5 60. Bc4+ Kd6 61. Bb5 Ra1+ 0-1

[Event "*** Titled Tuesday Blitz"]
[Site "Chess.com"]
[Date "2019.04.02"]
[Round "7"]
[White "oskariot"]
[Black "AdrianaNikolova"]
[Result "1/2-1/2"]
[WhiteElo "2611"]
[BlackElo "2476"]
[TimeControl "180+2"]
[EndTime "15:36:01 PDT"]
[Termination "Game drawn - insufficient material"]

1. e3 d5 2. d3 Nf6 3. c3 c5 4. b3 b5 5. a3 Bb7 6. Ne2 Nbd7 7. Ng3 e5 8. Be2 g6 9. O-O Bg7 10. d4 cxd4 11. exd4 exd4 12. cxd4 O-O 13. Bxb5 Qb6 14.
Be2 Ne4 15. Nxe4 dxe4 16. Be3 Bd5 17. Bc4 Qe6 18. Bxd5 Qxd5 19. Nc3 Qb7 20. Rc1 f5 21. g3 Nf6 22. Na4 Nd5 23. Nc5 Qb5 24. Qc2 Rfc8 25.
Qc4 Qxc4 26. bxc4 Nxe3 27. fxe3 Bf8 28. Na6 Bxa3 29. Rc3 Bf8 30. c5 Rc6 31. Ra3 Rd8 32. Rb1 Bh6 33. h4 Bxe3+ 34. Rxe3 Rxa6 35. Rd1 Ra4 36. Rc3 Raxd4 37. Rxd4 Rxd4 38. c6 Rd8 39.
Kf2 Kf7 40. Ra3 Ke6 41. Rxa7 Rd2+ 42. Ke3 Rd3+ 43. Kf2 h6 44. c7 Rc3 45. Ra6+ Ke5 46.
Rxg6 Rc2+ 47. Ke3 Rc3+ 48. Kf2 Rxc7 49. Rxh6 Rc2+ 50. Ke3 Rc3+ 51. Kf2 Rc2+ 52. Ke3 Rc3+ 53. Kf2 Rf3+ 54. Kg2 Ra3 55. Kf2 Ra2+ 56. Ke3 Ra3+ 57. Kf2 Rf3+ 58. Kg2 Rb3 59. Kf2 f4 60. gxf4+ Kxf4 61. Rf6+ Kg4 62. Rf8 Rb2+ 63. Ke3 Rb3+ 64. Kxe4 Rb4+ 65.
Ke3 Kxh4 66. Rf4+ Rxf4 67. Kxf4 1/2-1/2

[Event "*** Titled Tuesday Blitz"]
[Site "Chess.com"]
[Date "2019.04.02"]
[Round "7"]
[White "RegZryt"]
[Black "Gareth-Bale11"]
[Result "0-1"]
[WhiteElo "2578"]
[BlackElo "2705"]
[TimeControl "180+2"]
[EndTime "15:36:02 PDT"]
[Termination "Gareth-Bale11 won by checkmate"]

1. d4 Nf6 2. c4 e6 3. Nf3 b6 4. g3 Ba6 5. Qc2 Bb4+ 6. Bd2 Be7 7.
e4 d5 8. cxd5 Bxf1 9. Kxf1 exd5 10.
e5 Ne4 11. Nc3 Nxd2+ 12. Qxd2 Nc6 13. h4 h5 14. Ng5 Qd7 15. Kg2 Nd8 16. Qf4 Bxg5 17.
Qxg5 Ne6 18. Qd2 O-O-O 19. a4 Kb7 20. a5 c5 21. axb6 axb6 22. dxc5 bxc5 23. Ra5 Qc6 24.
Nb5 d4+ 25. Kh2 Ra8 26. Rha1 Rxa5 27. Qxa5 Qb6 28. Nd6+ Kc7 29. Nb5+ Kc6 30. Qa4 Qxb5 31.
Qa7 Qb7 32. Qa4+ Kc7 33. Qc2 Rb8 34. Qf5 Kd8 35. Qxh5 Ke7 36. Ra3 Qe4 37. f3 Qg6 38. Ra7+ Ke8 39. Qh8+ Nf8 40. g4 Rxb2+ 41. Kg3 Rb8 42.
h5 Qg5 43. e6 Qe5+ 44. Kh3 Qxe6 45. Qxg7 Qd5 46. Qf6 Nd7 47. Qh8+ Ke7 48. Rxd7+ Kxd7 49. Qxb8 Qxf3+ 50. Kh4 d3 51. Qa7+ Kd6 52. Qb8+ Ke6 53.
Qe8+ Kf6 54. Qh8+ Ke6 55. Qe8+ Kd6 56. Qb8+ Kd7 57. Qa7+ Ke6 58. Qb6+ Ke5 59. Qxc5+ Ke4 60. Qb4+ Ke3 61. Qc5+ Ke2 62. Qe5+ Kf1 63. Qa1+ Kg2 64. h6 d2 65. h7 d1=Q 66. h8=Q Qxg4# 0-1

[Event "*** Titled Tuesday Blitz"]
[Site "Chess.com"]
[Date "2019.04.02"]
[Round "7"]
[White "Blitzstream"]
[Black "Aemulus20"]
[Result "1/2-1/2"]
[WhiteElo "2678"]
[BlackElo "2511"]
[TimeControl "180+2"]
[EndTime "15:36:18 PDT"]
[Termination "Game drawn by repetition"]

1. e4 c5 2. Nf3 d6 3. d4 cxd4 4. Nxd4 Nf6 5. Nc3 a6 6. Rg1 e5 7.
Nb3 h5 8. h3 h4 9. Bg5 Be7 10. Qd2 Be6 11. O-O-O Nbd7 12. Kb1 Rc8 13. f4 Rxc3 14. Qxc3 Nxe4 15. Qb4 Nxg5 16. fxg5 b5 17. g6 fxg6 18. Bd3 O-O 19. Bxg6 Rf4 20. Qe1 Nf8 21. Bd3 Qc7 22. Rf1 Rxf1 23. Qxf1 d5 24. Bf5 Bf7 25. Qe2 e4 26. Nd4 Bf6 27. c3 Qg3 28.
Bc8 b4 29. cxb4 Ng6 30. Be6 Nf4 31. Bxf7+ Kxf7 32. Nf5 Nxe2 33. Nxg3 hxg3 34. Rxd5 Nf4 35. Rd1 e3 36. Re1 e2 37. Kc2 Bxb2 38. Kd2 Bd4 39.
Rxe2 Nxe2 40. Kxe2 Bc3 41. a3 Bb2 42. a4 Bc3 43. b5 axb5 44. axb5 Bd4 45. Kf3 Bf2 46. Kg4 Kg6 47. Kf4 Kh5 48. Kf5 Bb6 49. Kf4 Bc7+ 50. Kf5 g5 51. Ke4 g4 52. h4 Kxh4 53. Kf5 Kh5 54. Kf6 Bb6 55. Kf5 Bf2 56. Kf6 Bd4+ 57. Kf5 Bb6 58. Kf6 Kh4 59. Kg6 Bd4 60. Kh6 Be3+ 61. Kg6 Bb6 62. Kh6 Bd8 63. Kg6 Bc7 64. Kh6 Bf4+ 65. Kg6 Be5 66. b6 Bd4 67. b7 Ba7 68.
Kh6 Bb8 69. Kg6 Bf4 70. Kf5 Bb8 71. Kg6 Bc7 72. Kh6 Bb8 73. Kg6 Bc7 74. Kh6 Bb8 75. Kg6 1/2-1/2

[Event "*** Titled Tuesday Blitz"]
[Site "Chess.com"]
[Date "2019.04.02"]
[Round "7"]
[White "Alopekos"]
[Black "Amirreza_p"]
[Result "0-1"]
[WhiteElo "2489"]
[BlackElo "2769"]
[TimeControl "180+2"]
[EndTime "15:36:21 PDT"]
[Termination "Amirreza_p won by resignation"]

1. e4 e6 2. d4 d5 3. Nc3 Bb4 4. e5 c5 5. a3 Bxc3+ 6. bxc3 Qa5 7. Bd2 Qa4 8. Qb1 c4 9. h4 Nc6 10. h5 h6 11. g4 Bd7 12. Nf3 O-O-O 13. Bh3 f6 14.
O-O Rf8 15. Kg2 fxe5 16. Nxe5 Nxe5 17. dxe5 Ne7 18. Be3 d4 19. cxd4 Bc6+ 20. Kh2 Nd5 21. Bg2 Nxe3 22. fxe3 Bxg2 23. Kxg2 Qc6+ 24. Kg3 Qe4 25.
Qe1 Rxf1 26. Qxf1 Qxe3+ 27. Qf3 Qxd4 28. Re1 Rd8 29. Re4 Qd5 30. Qe3 b5 31. Rf4 Rd7 32. Rf8+ Kb7 33. Re8 a5 34. Qc3 Ka6 35. Qe3 b4 36.
axb4 axb4 37. Rb8 Rb7 38. Ra8+ Kb5 39. Rc8 Rb6 40. Rc7 Ka5 41. Ra7+ Kb5 42. Rc7 Rb7 43. Rc8 b3 44. cxb3 cxb3 45. Qe2+ Ka4 46. Ra8+ Kb4 47.
Qe1+ Kc4 48. Ra4+ Kc5 49. Ra5+ Rb5 50. Qe3+ Kc6 51. Ra6+ Kd7 52. Rd6+ Qxd6 53. exd6 b2 54. Qc3 Kxd6 55. Qd3+ Kc6 56. Qe4+ Kb6 57. Qxe6+ Kb7 58.
Qd7+ Ka6 59. Qe6+ Ka5 60. Qa2+ Kb6 61. Qb1 Kc5 62. Qc2+ Kd4 63. Qd2+ Kc5 64. Qc2+ Kb6 65. Qb1 Rb4 66. Kf3 Kb5 67. Qf5+ Ka4 68. Qc2+ Ka3 69.
Qc3+ Ka4 70. Qc2+ Rb3+ 0-1

[Event "*** Titled Tuesday Blitz"]
[Site "Chess.com"]
[Date "2019.04.02"]
[Round "7"]
[White "GMJimKnopf"]
[Black "Kimster98"]
[Result "1/2-1/2"]
[WhiteElo "2569"]
[BlackElo "2601"]
[TimeControl "180+2"]
[EndTime "15:36:37 PDT"]
[Termination "Game drawn - insufficient material"]

1. e4 e5 2. f4 exf4 3. Bc4 Qh4+ 4. Kf1 Qe7 5. Nc3 Nf6 6. d4 Nxe4 7. Nxe4 Qxe4 8. Nf3 Be7 9. Bd3 Qc6 10. Bxf4 O-O 11. Qe2 Bf6 12. Be4 d5 13. Bd3 Bg4 14. Re1 Bxd4 15. Bxh7+ Kxh7 16. Ng5+ Kg8 17. Qxg4 Qa6+ 18. Qe2 Bxb2 19. Rb1 Qxe2+ 20. Kxe2 Re8+ 21. Kd3 Be5 22. Bxe5 Rxe5 23. Nf3 Re7 24. Rxb7 Nc6 25. Rhb1 Rae8 26. R1b5 Re3+ 27. Kd2 Re2+ 28. Kc3 Rxg2 29. Rxd5 Rf2 30.
Nd4 Nxd4 31. Rxd4 Ree2 32. Rb2 Rxh2 33. Rd8+ Kh7 34. Rd7 Rh3+ 35. Kb4 Re4+ 36. c4 a5+ 37. Kb5 c6+ 38. Kxc6 Rxc4+ 39. Kb5 Rf4 40. Kxa5 Ra3+ 41. Kb5 g5 42. Kc5 Kg6 43. Rd8 f6 44. Rg8+ Kf5 45. Rf8 Ra5+ 46. Kd6 Ra6+ 47. Kd5 Ra5+ 48. Kd6 Ra6+ 49.
Kd5 g4 50. Rg2 Rf3 51. Rg8 Ra4 52. Kc5 Rfa3 53. Rf2+ Rf3 54. Rg2 Ra5+ 55. Kb4 Re5 56. R8xg4 Re4+ 57. Rxe4 Kxe4 58. a4 Rf1 59. a5 Ra1 60. Kb5 f5 61. Re2+ Kf3 62. Rb2 f4 63. Rb3+ Kg2 64. Kb4 f3 65. Kb5 f2 66. Rb2 Kg3 67.
Rxf2 Kxf2 68. a6 Ke3 69. Kb6 Kd4 70. a7 Rb1+ 71. Kc6 Rc1+ 72. Kb7 Rb1+ 73. Kc8 Ra1 74. Kb8 Rb1+ 75. Kc8 Ra1 76. Kb8 Kc5 77. a8=Q Rxa8+ 78. Kxa8 1/2-1/2

[Event "*** Titled Tuesday Blitz"]
[Site "Chess.com"]
[Date "2019.04.02"]
[Round "7"]
[White "iLuusions"]
[Black "TheBigBoss04"]
[Result "1/2-1/2"]
[WhiteElo "2614"]
[BlackElo "2562"]
[TimeControl "180+2"]
[EndTime "15:37:07 PDT"]
[Termination "Game drawn - insufficient material"]

1. d4 Nf6 2. c4 e6 3. Nf3 d5 4. g3 Be7 5. Bg2 O-O 6. O-O dxc4 7. Qc2 b6 8. Ne5 Qxd4 9. Bxa8 Qxe5 10. Bf3 Nd5 11.
Qxc4 Ba6 12. Qc2 c5 13. Rd1 Nc6 14. e3 Ncb4 15. Qd2 Qf5 16. Bg2 Nf6 17. Nc3 Bd3 18. b3 Bc2 19. Bb2 Bxd1 20. Rxd1 h5 21. a3 Na6 22.
Qe2 Nc7 23. e4 Qg6 24. e5 Nfd5 25. Nxd5 Nxd5 26. Bxd5 exd5 27. Rxd5 Qe6 28. Qd3 h4 29. f4 g6 30. Kg2 h3+ 31. Kf2 b5 32. Rd7 c4 33.
bxc4 bxc4 34. Qd5 Rb8 35. Bd4 Qxd5 36. Rxd5 Bxa3 37. Kf3 c3 38. Kg4 c2 39. Be3 Rb3 40. Bd2 Bb4 41. Bc1 Rb1 42. Be3 Re1 43. Rd8+ Kh7 44.
Rc8 Rxe3 45. Rxc2 Rc3 46. Rb2 a5 47. Kxh3 Kg7 48. Kg4 Bf8 49. Rb7 Kg8 50. Ra7 Rc4 51.
Rxa5 Rc2 52. h4 Be7 53. Ra7 Bc5 54. Rc7 Rc3 55. Rc6 Kg7 56. Kh3 Bd4 57. Rxc3 Bxc3 58.
Kg4 Be1 59. Kf3 Kh6 60. Kg2 Kh5 61. Kh3 Bd2 62. g4+ Kh6 63. Kg3 Be1+ 64. Kh3 Bf2 65. f5 gxf5 66. gxf5 Bc5 67. Kg4 Be7 68. h5 Bf8 69. f6 Ba3 70. Kf5 Kxh5 71. e6 fxe6+ 72. Kxe6 Kg6 73. f7 Bf8 74. Kd7 Kf6 75. Ke8 Kg7 76. Kd7 Ba3 77. Ke8 Bf8 78. Kd7 Kxf7 1/2-1/2

[Event "*** Titled Tuesday Blitz"]
[Site "Chess.com"]
[Date "2019.04.02"]
[Round "7"]
[White "AttilaTurzo"]
[Black "Taron_Shagbazyan"]
[Result "1-0"]
[WhiteElo "2582"]
[BlackElo "2706"]
[TimeControl "180+2"]
[EndTime "15:37:28 PDT"]
[Termination "AttilaTurzo won by resignation"]

1. d4 Nf6 2. c4 e6 3. g3 d5 4. Bg2 Be7 5. Nf3 O-O 6. O-O dxc4 7. Qc2 b5 8. a4 c6 9. Ne5 Nd5 10.
Rd1 f6 11. Nf3 Na6 12. e4 Ndb4 13. Qe2 Nd3 14. Be3 Rb8 15. axb5 cxb5 16. Ne1 Nxe1 17. Qxe1 Qc7 18. Nc3 Nb4 19. d5 Nc2 20. Rxa7 Qxa7 21.
Bxa7 Nxe1 22. Bxb8 Nd3 23. d6 Bd8 24. Nxb5 Bd7 25.
Nc7 Nxb2 26. Rc1 f5 27. Ba7 Bf6 28. exf5 exf5 29. Bd5+ Kh8 30. Bxc4 Be5 31. Be6 Rd8 32. Bxd7 Rxd7 33. Nb5 g6 34. Rc8+ Kg7 35. Rc7 Rxc7 36. dxc7 Bxc7 37. Nxc7 Nc4 38. Bd4+ Kf7 39. Nd5 g5 40.
Kg2 Ke6 41. Ne3 Nd6 42. f3 f4 43. gxf4 gxf4 44. Ng4 Kf5 45. Bb6 Nc4 46. Bc7 h5 47.
Nf2 Ne3+ 48. Kg1 Nd5 49. Bd6 Nc3 50. Nh3 Nd5 51. Kf2 Ke6 52. Bb8 Kf5 53. Ke2 h4 54. Kd3 Ne3 55. Bxf4 Nd5 56. Bd2 Ne7 57. Kd4 Ng6 58. Nf2 Ne5 59. Ke3 Nc4+ 60. Ke2 Ne5 61.
Bc3 Ng6 62. Nd3 Ne7 63. Bd2 Nc6 64. Nb4 Nd4+ 65. Ke3 Nb5 66. Nc2 Nd6 67. Nd4+ Kg5 68. Kd3+ Kh5 69. Ne6 Nf7 70. Ke4 Nd6+ 71. Kf4 Nc4 72.
Bc3 Nb6 73. Ng7+ Kg6 74. Kg4 Nd5 75. Bd4 h3 76. Kxh3 Nf4+ 77. Kg4 Ne2 78. Be5 Nc1 79. f4 Nd3 80. Ne6 Nf2+ 81. Kf3 Nd3 82. Nd4 Nc5 83.
Kg4 Nd3 84. f5+ Kf7 85. Nf3 Nf2+ 86. Kg5 Nh3+ 87. Kh4 Nf2 88. Ng5+ Ke7 89. f6+ Kf8 90. Bd6+ 1-0

[Event "*** Titled Tuesday Blitz"]
[Site "Chess.com"]
[Date "2019.04.02"]
[Round "7"]
[White "TST2014"]
[Black "MikaelyanArman"]
[Result "0-1"]
[WhiteElo "2514"]
[BlackElo "2740"]
[TimeControl "180+2"]
[EndTime "15:38:05 PDT"]
[Termination "MikaelyanArman won by resignation"]

1. d4 g6 2. e4 Bg7 3. Nf3 d6 4. Bc4 Nf6 5. Qe2 O-O 6. O-O Bg4 7. Nbd2 Nc6 8. c3 e5 9. h3 Bxf3 10. Nxf3 exd4 11. cxd4 Re8 12. e5 dxe5 13. dxe5 Nd4 14. Bxf7+ Kxf7 15. Qc4+ Qd5 16. Qxd4 Qxd4 17. Nxd4 Rxe5 18.
Nf3 Rb5 19. a4 Rb4 20. a5 Re8 21. a6 b6 22. Ra3 c5 23. b3 Nd5 24. Bd2 Rbe4 25. Ng5+ Kg8 26. Nxe4 Rxe4 27. Re1 Rd4 28. Bc1 Rd3 29. Kf1 Kf7 30. Ke2 Rc3 31. Bd2 Rc2 32. Rc1 Rb2 33. Kd1 Bd4 34. f3 Ne3+ 35. Bxe3 Bxe3 36. Rc2 Rb1+ 37. Ke2 Bd4 38. Kd3 Ke6 39. Kc4 Kd6 40. Raa2 Kc6 41. Ra3 b5+ 42.
Kd3 b4 43. Ra4 Kd5 44. Re2 Rxb3+ 45. Kc2 Rb2+ 46. Kd1 Rb1+ 47. Kc2 Rg1 48. Re7 Rxg2+ 49. Kd1 Rg1+ 50. Ke2 Rg2+ 51. Kf1 Rg1+ 52. Ke2 c4 53.
Rxb4 Bc5 54. Rb5 Kc6 55. Rxc5+ Kxc5 56. Rxa7 Ra1 57. Rc7+ Kd4 58. Rd7+ Kc3 59. a7 h5 60. h4 Kc2 61. Ke3 c3 62. Kf4 Ra5 63. Rb7 Kd2 64. Rd7+ Kc1 65. Ke4 c2 66. f4 Kb2 67. Rb7+ Kc3 68.
Rc7+ Kd2 69. Rd7+ Ke2 70. Rc7 Ra4+ 71. Ke5 Kd3 72. Kf6 Rxa7 73. Rxa7 c1=Q 74. Kxg6 Qc6+ 75. Kh7 Ke4 76. Rf7 Kf3 77. f5 Kg4 78. f6 Kxh4 79. Kg6 Kg4 80. Re7 h4 81. Kg7 Qc3 82. Kg6 Qd3+ 83.
Kg7 Qd4 84. Kg6 Qf4 85. f7 Qg5+ 86. Kh7 Qxe7 87. Kh8 Qf8+ 88. Kh7 Qxf7+ 89. Kh6 Qa7 0-1

[Event "*** Titled Tuesday Blitz"]
[Site "Chess.com"]
[Date "2019.04.02"]
[Round "7"]
[White "pastouche06"]
[Black "Atanejhad"]
[Result "1-0"]
[WhiteElo "2385"]
[BlackElo "2179"]
[TimeControl "180+2"]
[EndTime "15:40:10 PDT"]
[Termination "pastouche06 won on time"]

1. d4 Nf6 2. c4 e6 3. Nc3 Bb4 4.
e3 c5 5. Ne2 O-O 6. a3 Bxc3+ 7.
Nxc3 cxd4 8. Qxd4 Nc6 9. Qd1 d5 10. cxd5 exd5 11. Nb5 Bg4 12. f3 Bf5 13. Be2 Qb6 14. O-O a6 15. Nd4 Bg6 16. Qb3 Qa7 17.
Rd1 Rfe8 18. Bf1 Rac8 19. Qa4 b5 20. Nxc6 Rxc6 21. Qf4 Rc2 22. Bd3 Bxd3 23. Rxd3 Qc5 24.
Bd2 Nh5 25. Qg5 g6 26. Bc3 f6 27. Qh6 Re2 28. Rad1 R2xe3 29. Rxe3 Qxe3+ 30. Qxe3 Rxe3 31. Rxd5 Nf4 32. Rd8+ Kf7 33. Bd2 Ne6 34. Rd7+ Ke8 35.
Rd6 Re2 36. Kf1 Re5 37. Bc3 Re3 38. Kf2 Ke7 39. Rxa6 Rd3 40. Ra7+ Kd6 41. Rxh7 Nf4 42. g3 Nd5 43. Rh8 Kd7 44. Be1 Rb3 45. Bc3 Nxc3 46.
bxc3 Rxc3 47. Rg8 g5 48. Rb8 Rxa3 49. Rxb5 Ra2+ 50. Kg1 Ke6 51. g4 Kf7 52. Rb4 Kg6 53. Re4 Kf7 54. h3 Kg6 55. f4 gxf4 56. Rxf4 Rb2 57.
Rf2 Rb3 58. Kg2 Ra3 59. Rf3 Ra2+ 60. Kg3 Ra4 61. Rd3 Rb4 62. Rd8 Rb6 63. Rd5 Ra6 64. Rc5 Rb6 65. Rc4 Ra6 66. h4 Ra3+ 67. Kf4 Ra5 68.
h5+ Kf7 69. Rc6 Ra4+ 70. Kf5 Ra5+ 71. Kf4 Ra4+ 72. Kg3 Ra1 73. Rc4 Rg1+ 74. Kf4 Rf1+ 75. Ke4 Re1+ 76. Kf5 Rf1+ 77. Rf4 Rh1 78. Rf3 Rh2 79.
Kf4 Rh1 80. Rf2 Ra1 81. Kg3 Rg1+ 82. Kh3 Rh1+ 83. Kg2 Ra1 84. g5 Ra5 85. Rxf6+ Ke7 86. Rg6 Kf7 87. Kg3 Ra4 88. Rd6 Kg7 89. Rf6 Ra5 90. Kg4 Ra4+ 91. Rf4 Ra1 92. h6+ Kh7 93. Rf7+ Kg8 94. Rg7+ Kh8 95. Rb7 Ra4+ 96. Kh5 Ra6 97.
Rb8+ Kh7 98. g6+ Rxg6 99. Rb7+ 1-0

[Event "*** Titled Tuesday Blitz"]
[Site "Chess.com"]
[Date "2019.04.02"]
[Round "7"]
[White "Eliwood44"]
[Black "santosalberto1987"]
[Result "0-1"]
[WhiteElo "2249"]
[BlackElo "2423"]
[TimeControl "180+2"]
[EndTime "15:41:03 PDT"]
[Termination "santosalberto1987 won on time"]

1. d4 d5 2. c4 c6 3. Nf3 Nf6 4. Qc2 g6 5. Bf4 Bf5 6. Qb3 Qb6 7.
Nc3 Nbd7 8. e3 Bg7 9. Be2 O-O 10. O-O Qxb3 11. axb3 a6 12. h3 Rfc8 13. Rfc1 Ne4 14. cxd5 Nxc3 15. bxc3 cxd5 16. Ra5 Be4 17. Nd2 Nf6 18.
g4 g5 19. Bxg5 e6 20. Bxf6 Bxf6 21. Nxe4 dxe4 22. c4 Kf8 23. Kg2 Ke7 24. b4 Rg8 25. Rca1 Rac8 26. b5 axb5 27. Rxb5 Rc7 28. Ra7 Rb8 29. f3 exf3+ 30. Bxf3 Rxc4 31. Bxb7 Kf8 32. Rc5 Rb4 33. Rc7 Bd8 34. Rd7 Bb6 35. Ra8 Rxa8 36.
Bxa8 Ra4 37. Be4 Kg7 38. h4 h6 39. Kf3 Ra3 40. h5 Ba5 41. Bg6 Bd2 42. Rxf7+ Kg8 43.
Rb7 Bxe3 44. Rd7 Bxd4+ 45. Ke4 Bf6 46. Bf7+ Kf8 47. Bxe6 Bg5 48. Bf5 Re3+ 49. Kd4 Re1 50. Rb7 Re2 51. Kd5 Bf6 52. Be4 Re1 53. Bg6 Re5+ 54. Kd6 Re7 55. Rb8+ Kg7 56. Ra8 Rb7 57. Be4 Rb6+ 58. Kd5 Bg5 59. Ra7+ Kf8 60. Bg6 Rb2 61. Ke5 Rb5+ 62. Ke6 Rb6+ 63. Kd7 Rb2 64. Ra5 Rd2+ 65.
Ke6 Rb2 66. Rf5+ Kg8 67. Rf7 Rb6+ 68. Kf5 Rb5+ 69. Ke4 Rb4+ 70. Kf3 Rb3+ 71. Ke2 Rb2+ 72. Kf1 Rb4 73. Rd7 Rxg4 74. Ke2 Rf4 75. Kd3 Rf2 76.
Ke4 Rf4+ 77. Kd5 Rf1 78. Bd3 Rd1 79. Ke4 Re1+ 80. Kd4 Ra1 81. Bc4+ Kf8 82. Rh7 Ra5 83.
Bd5 Ra1 84. Ke5 Re1+ 85. Be4 Ke8 86. Kf5 Kd8 87. Bd5 Rd1 88. Be6 Rf1+ 89. Ke5 Re1+ 90. Kd6 Rd1+ 91. Bd5 Be7+ 92. Kc6 Rc1+ 93. Kb5 Rc5+ 94.
Kb6 Rxd5 95. Rxh6 Ke8 96. Kc6 Rg5 97. Rh7 Kf8 98. Kd7 Bf6 99. Ke6 Bb2 100. h6 Kg8 101.
Rb7 Bc3 102. h7+ Kh8 103. Rd7 Bg7 104. Kf7 Kxh7 105. Rb7 Rf5+ 106. Ke6 Rf1 107. Rb5 Kg6 108. Kd7 Re1 109. Rb3 Kf7 110. Rf3+ Bf6 111. Kd6 Rd1+ 112. Kc5 Ke6 113. Kc4 Be5 114. Rf2 Rh1 115. Rg2 Rh4+ 116. Kd3 Kd5 117. Rg5 Rh3+ 118. Ke2 Ke4 119. Rg4+ Bf4 120. Rg2 Ra3 121. Rg8 Ra2+ 122. Kd1 Be5 123. Rd8 Bd4 124. Kc1 Kd3 0-1

[Event "*** Titled Tuesday Blitz"]
[Site "Chess.com"]
[Date "2019.04.02"]
[Round "8"]
[White "Tiqr777"]
[Black "DACF2905"]
[Result "0-1"]
[WhiteElo "2609"]
[BlackElo "2094"]
[TimeControl "180+2"]
[EndTime "15:42:19 PDT"]
[Termination "DACF2905 won by resignation"]

1. e4 c5 2. Nf3 e6 3. c4 Nc6 4. Nc3 a6 5. a3 Qc7 6. d4 cxd4 7. Nxd4 Nf6 8. Be2 Bc5 9. Be3 d6 10. Bc1 Bxd4 0-1

[Event "*** Titled Tuesday Blitz"]
[Site "Chess.com"]
[Date "2019.04.02"]
[Round "8"]
[White "kikoveiga"]
[Black "XiaoKangZhong"]
[Result "0-1"]
[WhiteElo "2168"]
[BlackElo "2121"]
[TimeControl "180+2"]
[EndTime "15:43:45 PDT"]
[Termination "XiaoKangZhong won by resignation"]

1. Nf3 Nf6 2. g3 g6 3. Bg2 Bg7 4. O-O O-O 5. d3 d5 6. Nbd2 b6 7. e4 dxe4 8. Ng5 Bb7 9. Ndxe4 Nxe4 10. Nxe4 Kh8 11. Re1 Nd7 12. d4 Nf6 13. c3 Nxe4 14. Bxe4 Bxe4 15. Rxe4 e5 16. d5 Qd6 17. c4 Qc5 18.
Rh4 Bf6 19. Rh3 Qxc4 20. b3 Qd4 21. Qxd4 exd4 22. Bf4 Rac8 23. Rc1 Rfd8 24. g4 Rxd5 25. Rxc7 Rxc7 26. Bxc7 d3 0-1

[Event "*** Titled Tuesday Blitz"]
[Site "Chess.com"]
[Date "2019.04.02"]
[Round "8"]
[White "Komissarov_alex"]
[Black "ruvat"]
[Result "0-1"]
[WhiteElo "2073"]
[BlackElo "2295"]
[TimeControl "180+2"]
[EndTime "15:43:48 PDT"]
[Termination "ruvat won by resignation"]

1. d4 d6 2. Nf3 g6 3. Bf4 Bg7 4. Nc3 Nd7 5. Qd2 e5 6. dxe5 dxe5 7. Bg5 f6 8. Bh4 Nh6 9. e4 Nf7 10. O-O-O Bh6 0-1

[Event "*** Titled Tuesday Blitz"]
[Site "Chess.com"]
[Date "2019.04.02"]
[Round "8"]
[White "Joseph_Truelson"]
[Black "maestroza"]
[Result "0-1"]
[WhiteElo "2265"]
[BlackElo "2487"]
[TimeControl "180+2"]
[EndTime "15:43:59 PDT"]
[Termination "maestroza won by checkmate"]

1. d4 Nf6 2. Nc3 d5 3. Bf4 a6 4. e3 e6 5. Bd3 c5 6. Nf3 Nc6 7. O-O c4 8. Be2 b5 9. Ne5 Bb7 10. a4 b4 11. Nb1 Bd6 12. Nxc6 Bxc6 13. Bxd6 Qxd6 14. f4 a5 15. Nd2 O-O 16. b3 c3 17.
Nf3 Ne4 18. Bd3 f6 19. Kh1 Bb7 20. Rg1 Nf2# 0-1

[Event "*** Titled Tuesday Blitz"]
[Site "Chess.com"]
[Date "2019.04.02"]
[Round "8"]
[White "sere99"]
[Black "Caisachess"]
[Result "1/2-1/2"]
[WhiteElo "2303"]
[BlackElo "2418"]
[TimeControl "180+2"]
[EndTime "15:44:42 PDT"]
[Termination "Game drawn by agreement"]

1. d4 Nf6 2. c4 e6 3. Nc3 Bb4 4. Qc2 O-O 5. a3 Bxc3+ 6. Qxc3 d5 7. Bg5 dxc4 8. Qxc4 Qd5 9. Qxd5 Nxd5 10. e4 Nb6 11.
Rc1 c6 12. Nf3 N8d7 13. Bd3 Re8 14. O-O e5 15. Nxe5 Nxe5 16. dxe5 Rxe5 17. Be3 Re8 18. b3 Be6 19. Bc2 Rad8 20. Rfd1 1/2-1/2

[Event "*** Titled Tuesday Blitz"]
[Site "Chess.com"]
[Date "2019.04.02"]
[Round "8"]
[White "penguingm1"]
[Black "Benek77"]
[Result "1-0"]
[WhiteElo "2950"]
[BlackElo "2669"]
[TimeControl "180+2"]
[EndTime "15:45:06 PDT"]
[Termination "penguingm1 won by resignation"]

1. d4 Nf6 2. c4 g6 3. f3 Bg7 4.
e4 O-O 5. Nc3 d6 6. Nge2 e5 7.
dxe5 dxe5 8. Qxd8 Rxd8 9. Nd5 Nxd5 10. cxd5 c6 11. Nc3 cxd5 12. Nxd5 Nc6 13. Bg5 Rd6 14. Rc1 h6 15. Be3 Be6 16. Nc7 Rad8 17. Nxe6 Rxe6 18.
Bc4 Red6 19. Bd5 Nd4 20. Kd2 b6 21. Rc7 R6d7 22. Rhc1 Ne6 23. Rxd7 Rxd7 24. Rc8+ Rd8 25. Rxd8+ Nxd8 26. Kc3 Kf8 27. Kc4 Ke7 28. Kb5 Ne6 29. Ka6 Nc7+ 30. Kxa7 Nxd5 31. exd5 Kd6 32. Kxb6 Kxd5 33.
a4 e4 34. a5 Bxb2 35. a6 1-0

[Event "*** Titled Tuesday Blitz"]
[Site "Chess.com"]
[Date "2019.04.02"]
[Round "8"]
[White "cstevens1"]
[Black "fm_magua"]
[Result "1-0"]
[WhiteElo "2713"]
[BlackElo "2514"]
[TimeControl "180+2"]
[EndTime "15:45:37 PDT"]
[Termination "cstevens1 won by resignation"]

1. e4 c5 2. Nf3 Nc6 3. Nc3 g6 4.
Bb5 Bg7 5. Bxc6 dxc6 6. d3 e5 7. Be3 b6 8. h3 Be6 9. Qd2 f6 10. O-O h5 11. Nh2 g5 12. Ne2 Nh6 13. c3 a5 14. d4 cxd4 15. cxd4 exd4 16. Nxd4 Qd7 17. Nxe6 Qxe6 18. Bxb6 O-O 19. Bxa5 Qxe4 20. Bc3 Rad8 21. Rfe1 Qg6 22. Qe2 g4 23. hxg4 hxg4 24.
g3 Rfe8 25. Qc4+ Kh7 26. Qxc6 Nf5 27. Rxe8 Rxe8 28. Qc4 Nh6 29. a4 f5 30. a5 Bxc3 31.
bxc3 Re4 32. Qc7+ Nf7 33. a6 Qe6 34. a7 Re1+ 35. Rxe1 Qxe1+ 36. Nf1 1-0